cohdb
Replays
Latest Replays
All Replays
Popular Replays
Top Player Replays
Match Explorer
How It Works
Community
CoH3 Stats
Reddit
Sign in to upload your games and track your stats! →
Sign in with Steam
Match 41528421
Unlisted
Match 41528421
Overview
Messages
Build Orders
End
Kradschützen Motorcycle Team
Panzergrenadier Squad
Panzergrenadier Squad
Construct Light Support Kompanie
2.5-tonne Medical Truck
Assault Grenadier Squad
Panzerjäger Mechanized Group
Construct Mechanized Kompanie
Marder III Tank Destroyer
Selects Armored Support Battlegroup
Selects Salvage Kits
Construct Panzerarmee Kommand
MG34 Team
Flak 36 Anti-tank Gun Team
Armored Reserves
2.5-tonne Medical Truck
Selects Panzer Storm
Selects Stuka Dive Bomb
Selects Superior Fire Drills
Selects Flammpanzer III Medium Tank
Tiger Heavy Tank
Emergency Repair Kits
Advanced Optics
Selects Command Panzer IV F Medium Tank
2.5-tonne Medical Truck
Walking Stuka Rocket Launcher
Stuka Dive Bomb
Fire Support Elements
Flakvierling Half-track
LOPO
Hawake
hohobbang
Mael Radec
Protez
Tomlin
Otto
Tharrats
0
0
Comments
sign in to comment!
No comments posted yet!